AoeStats
← Your Mom

Black Forest

510706010Analyzed
3v3 RM · 24h ago on Oct 2, 2026· 83m 54s· 6 players
Game mode
Random Map
Map size
Normal (6 player)
Population
200
Speed
Normal
Resources
Standard
Victory
Conquest
Starting age
Dark Age
Ending age
Imperial Age
RankedLock teamsTeams togetherTeam positionsShared explorationLock speedFull tech treeHidden civsTurbo modeCheats
Victory
Defeat
🇪🇸 Persians · Spain
880
+19
🇺🇸 Burgundians · United States
856
+20
🇩🇪 Khmer · Germany
809
+22
🇪🇸 Bohemians · Spain
1019
-22
🇨🇳 Varangians · China
995
-22
🇨🇱 Huns · Chile
850
-17
old school
0:34 Loom
11:37 Feudal Age
18:52 Castle Age
17:22 Double-Bit Axe
17:36 Horse Collar
17:52 Gold Mining
25:04 Stone Mining
25:21 Heavy Plow
27:31 Wheelbarrow
31:56 Imperial Age
30:41 Bloodlines
30:31 Husbandry
30:44 Forging
30:40 Scale Barding Armor
32:24 Gold Shaft Mining
32:55 Chain Barding Armor
33:09 Crop Rotation
32:08 Elite War Elephant
33:38 Hand Cart
33:15 Town Watch
34:32 Iron Casting
36:34 Town Patrol
36:47 Bow Saw
38:04 Blast Furnace
38:51 Plate Barding Armor
39:23 Chemistry
39:39 Caravan
58:44 Two-Man Saw
XxMasterxX
0:28 Loom
7:47 Horse Collar
14:40 Feudal Age
14:35 Double-Bit Axe
15:52 Heavy Plow
16:11 Bow Saw
18:07 Gold Mining
18:08 Stone Mining
23:15 Castle Age
22:15 Gold Shaft Mining
22:21 Fletching
22:35 Padded Archer Armor
23:01 Forging
23:57 Stone Shaft Mining
23:59 Scale Barding Armor
24:58 Scale Mail Armor
27:18 Wheelbarrow
28:22 Town Watch
28:56 Husbandry
34:18 Imperial Age
32:25 Burgundian Vineyards
32:40 Leather Archer Armor
33:08 Hand Cart
34:09 Iron Casting
34:12 Town Patrol
34:38 Chain Barding Armor
33:57 Pikeman
34:50 Squires
34:38 Arson
35:30 Conscription
35:30 Caravan
37:13 Blast Furnace
37:28 Chemistry
36:28 Murder Holes
38:18 Crop Rotation
38:43 Bodkin Arrow
39:04 Chain Mail Armor
39:25 Plate Barding Armor
40:53 Two-Man Saw
39:30 Elite Coustillier
42:18 Plate Mail Armor
41:49 Bracer
55:10 Halberdier
57:34 Man-at-Arms
75:44 Long Swordsman
Your Mom
0:28 Loom
11:20 Feudal Age
13:48 Double-Bit Axe
19:05 Wheelbarrow
23:37 Castle Age
24:59 Bow Saw
24:32 Horse Collar
28:54 Gold Mining
28:56 Stone Mining
32:42 Fortified Wall
32:53 Ballistics
33:15 Gold Shaft Mining
33:19 Stone Shaft Mining
32:47 Heavy Plow
32:32 Fishing Lines
33:08 Scale Barding Armor
33:16 Forging
34:32 Light Cavalry
35:22 Bloodlines
35:12 Husbandry
39:50 Imperial Age
37:39 Hand Cart
38:58 Caravan
39:59 Hussar
40:05 Heavy Scorpion
41:11 Conscription
40:55 Pikeman
41:41 Scale Mail Armor
42:02 Chain Barding Armor
42:18 Iron Casting
41:35 Fletching
41:28 Halberdier
45:05 Double Crossbow
46:06 Plate Barding Armor
46:33 Blast Furnace
49:59 Elite Battle Elephant
62:14 Capped Ram
83:59 Chain Mail Armor
CaptainFlam
0:50 Loom
0:55 Loom
14:34 Feudal Age
18:35 Castle Age
16:53 Double-Bit Axe
17:00 Horse Collar
24:09 Heavy Plow
24:28 Bow Saw
25:38 Wheelbarrow
27:14 Fishing Lines
30:33 Imperial Age
28:46 Hand Cart
30:01 Chemistry
29:22 Ballistics
29:14 Fortified Wall
29:25 Fletching
29:46 Town Watch
31:06 Houfnice
32:57 Pikeman
33:38 Squires
34:01 Bodkin Arrow
34:17 Forging
35:18 Town Patrol
34:56 Halberdier
35:21 Arson
35:53 Siege Engineers
36:03 Caravan
37:35 Wagenburg Tactics
36:51 Elite Hussite Wagon
38:48 Iron Casting
38:14 Bracer
38:15 Scale Mail Armor
38:15 Padded Archer Armor
38:21 Scale Barding Armor
38:15 Murder Holes
38:33 Masonry
40:21 Conscription
40:29 Heavy Scorpion
61:44 Blast Furnace
61:00 Chain Mail Armor
71:21 Fervor
71:42 Illumination
71:36 Block Printing
75:45 Man-at-Arms
HenryDxebec
1:05 Loom
14:34 Feudal Age
18:03 Double-Bit Axe
18:03 Horse Collar
21:15 Wheelbarrow
22:50 Castle Age
20:53 Stone Mining
20:54 Gold Mining
24:16 Bow Saw
25:01 Gold Shaft Mining
26:10 Wheelbarrow
25:54 Fishing Lines
26:27 Heavy Plow
26:41 Gillnets
28:09 Hand Cart
32:15 Ballistics
35:36 Imperial Age
34:51 Pikeman
35:33 Squires
36:46 Caravan
36:57 Guilds
36:59 Forging
36:55 Scale Barding Armor
36:51 Scale Mail Armor
36:58 Marauders
36:23 Elite Tarkan
37:05 Marauders
37:18 Arson
38:16 Iron Casting
38:26 Conscription
37:37 Halberdier
39:27 Chain Barding Armor
39:23 Chain Mail Armor
39:24 Bloodlines
39:15 Husbandry
41:39 Heavy Cavalry Archer
42:45 Parthian Tactics
42:26 Thumb Ring
44:22 Blast Furnace
43:57 Plate Barding Armor
45:09 Fletching
45:20 Padded Archer Armor
46:49 Chemistry
53:49 Light Cavalry
54:56 Leather Archer Armor
54:36 Bodkin Arrow
55:09 Hussar
58:46 Elite Skirmisher
59:31 Bracer
63:21 Atheism
明妃王樯
9:57 Feudal Age
10:23 Double-Bit Axe
18:29 Castle Age
16:19 Loom
16:33 Fishing Lines
17:14 Horse Collar
19:27 Gillnets
21:42 Bow Saw
25:06 Heavy Plow
26:42 Wheelbarrow
27:05 Gold Mining
28:09 Hand Cart
28:10 Stone Mining
29:32 Caravan
29:50 Town Watch
32:51 Stone Shaft Mining
35:19 Imperial Age
32:54 Town Patrol
34:13 Forging
34:09 Scale Barding Armor
34:47 Treadmill Crane
35:27 Ballistics
35:02 Murder Holes
35:18 Masonry
35:56 Iron Casting
35:13 Fletching
35:02 Vendel Legacy
36:36 Conscription
36:42 Chain Barding Armor
36:19 Bodkin Arrow
37:29 Two-Man Saw
37:54 Chemistry
36:59 Siege Engineers
36:58 Husbandry
37:11 Bloodlines
36:24 Cavalier
38:41 Plate Barding Armor
39:14 Blast Furnace
38:36 Bracer
39:13 Architecture
46:40 Onager
50:34 Elite Jarl
57:32 Light Cavalry
60:42 Squires
60:28 Arson
60:04 Elite Varangian Guard
60:40 Gothikon
62:29 Scale Mail Armor
64:13 Chain Mail Armor
65:45 Plate Mail Armor
75:44 Gambesons
Connection lost

Rejoining the realm…

Still unreachable

The connection could not be restored.

Session expired

The server has moved on; the page needs a fresh start.